 Dungeon Crawl Stone Soup version 0.29.0-4-gdea44cf6ec (webtiles) character file.

Game seed: 15055548200684436606

670 qw the Chopper (level 7, 0/36 HPs)
             Began as a Tengu Warper on Aug 28, 2022.
             Slain by a two-headed ogre
             ... wielding a +0 giant spiked club
              (10 damage)
             ... on level 5 of the Dungeon.
             The game lasted 00:00:31 (4525 turns).

qw the Chopper (Tengu Warper)                       Turns: 4525, Time: 00:00:32

Health: 0/36       AC: 13    Str: 23    XL:     7   Next: 58%
Magic:  11/11      EV:  9    Int: 13    God:
Gold:   1033       SH:  5    Dex: 18    Spells: 10/10 levels left

rFire   . . .      SeeInvis +   g - +8 war axe "Ginkagg" {freeze, Int-5 Dex+6 SInv}
rCold   . . .      Faith    .   (no shield)
rNeg    . . .      Spirit   .   a - +0 plate armour "Ymintuo" {+Inv Int+5}
rPois   .          Reflect  +   (helmet restricted)
rElec   .          Harm     .   (no cloak)
rCorr   .          Rampage  .   (no gloves)
Will    .....      Clarity  +   (boots unavailable)
Stlth   ..........              j - amulet of reflection
HPRegen 0.12/turn               e - +6 ring of strength
MPRegen 0.12/turn               (no ring)

@: flying quickly and evasively, quick
A: beak, talons 3, nimble flight, iridescent scales 1, clarity, frail 1, strong
1
a: Evoke Invisibility


You were on level 5 of the Dungeon.
You visited 1 branch of the dungeon, and saw 5 of its levels.

You collected 1033 gold pieces.


Innate Abilities, Weirdness & Mutations

You have a beak for a mouth.
You have claws for feet.
Your magical nature lets you fly swiftly and evasively.
You are partially covered in iridescent scales. (AC +2)
You possess an exceptional clarity of mind.
You are frail. (-10% HP)
Your muscles are strong. (Str +4, Int/Dex -1)


   Skills:
 - Level 3.4 Fighting
 + Level 7.6 Axes
 - Level 1.0 Throwing
 - Level 3.7 Armour
 - Level 2.1 Dodging
 - Level 2.0 Spellcasting
 - Level 2.4 Translocations


You had 10 spell levels left.
You didn't know any spells.
Your spell library contained the following spells:

 Spells                   Type           Power      Damage    Failure   Level
 Blink                    Tloc           14%        N/A       95%         2
 Gell's Gravitas          Tloc           7%         N/A       99%         3
 Lesser Beckoning         Tloc           7%         N/A       99%         3
 Teleport Other           Tloc           7%         N/A       99%         3
 Manifold Assault         Tloc           7%         N/A       100%        5

Inventory:

Hand Weapons
 g - the +8 war axe "Ginkagg" (weapon) {freeze, Int-5 Dex+6 SInv}
   (You acquired it on level 2 of the Dungeon)

   It freezes those it strikes, dealing additional cold damage.
   It can also slow down cold-blooded creatures.
   Int:       It affects your intelligence (-5).
   Dex:       It affects your dexterity (+6).
   SInv:      It lets you see invisible.
 k - a +0 morningstar
Missiles
 c - 3 boomerangs (quivered)
Armour
 a - the +0 plate armour "Ymintuo" (worn) {+Inv Int+5}
   (You acquired it on level 1 of the Dungeon)

   Int:       It affects your intelligence (+5).
   +Inv:      It lets you turn invisible.
Jewellery
 e - a +6 ring of strength (left hand)
 j - an amulet of reflection (around neck)
Scrolls
 h - 2 scrolls of enchant armour
 l - a scroll of teleportation
Potions
 b - a potion of attraction {unknown}
 d - 2 potions of curing
 f - a potion of degeneration {unknown}
 i - a potion of haste {unknown}
 m - a potion of heal wounds {unknown}

Dungeon Overview and Level Annotations

Branches:
Dungeon (5/15)
 Temple: D:4-7

Altars:
Elyvilon
Vehumet

Portals:
Abyss: D:3

Annotations:
D:3 2 transporters, qw's ghost, weakling TeWr


Message History

Press: ? - help, Q - select action Shift-Dir - straight line, f/p - scorpion You throw a boomerang.
The boomerang hits the scorpion but does no damage.
The scorpion is lightly wounded.
You closely miss the scorpion. Your kick misses the scorpion.
The scorpion is lightly wounded.
The scorpion stings you but does no damage.
You barely miss the scorpion. Your peck misses the scorpion.
The scorpion is lightly wounded.
The scorpion barely misses you. You block the scorpion's attack.
You closely miss the scorpion.
You claw the scorpion, but do no damage.
The scorpion is lightly wounded.
You block the scorpion's attack.
You hit the scorpion. You freeze the scorpion.
You peck the scorpion, but do no damage.
The scorpion is moderately wounded.
The scorpion stings you.
You slash the scorpion! You freeze the scorpion.
You kill the scorpion!
You start resting.
HP restored.
You see here a book of Dreams.
A two-headed ogre comes into view.
It is wielding two +0 giant spiked clubs.
Throw: 3 boomerangs
Press: ? - help, Q - select action Shift-Dir - straight line, f - two-headed ogre You throw a boomerang.
The boomerang hits the two-headed ogre.
The two-headed ogre is lightly wounded.
An adder comes into view.
4521 ||| Stepping ~*~*~tactically~*~*~ (stealth).
You barely miss the two-headed ogre. You peck the two-headed ogre.
The two-headed ogre is lightly wounded.
The two-headed ogre hits you with a +0 giant spiked club!!
Ouch! That really hurt!
You block the two-headed ogre's attack.
You slash the two-headed ogre! You freeze the two-headed ogre.
You claw the two-headed ogre! You peck the two-headed ogre.
The two-headed ogre is heavily wounded.
The two-headed ogre hits you with a +0 giant spiked club!
You die...

..............##.# ##.##
.##..#####.#####.# #...#
.....#####.# #.# #...#
...........# #.# #...#
.########### #.######
#...# ...#
#.##...######.<.## .#.#
#.#............... .#.#
. #.#...............
##.#
...##@........%.......
##.#
.....SO.>....#.##.......
...#
....####..####.##.#...#.
...# ##
#..####.##.#...#. #####
### #.......##.#...#.
##.. ..#
#.########.#...# ##.#
#.# #.# #......
.#.#####.########.# ##.
### ......##.#........#


You could see a two-headed ogre and an adder.

Vanquished Creatures
  Edmund (D:4)
  A black bear (D:5)
  2 scorpions
  A bullfrog (D:4)
  A jelly (D:4)
  An orc priest (D:3)
  Robin (D:4)
  6 adders
  2 worms
  2 dart slugs
  22 orcs
  4 bats
  10 endoplasms
  4 giant cockroaches
  14 goblins
  13 hobgoblins
  8 jackals
  2 quokkas (D:4)
  9 ball pythons
  2 frilled lizards (D:2)
  4 kobolds
  4 rats
114 creatures vanquished.

Notes
Turn   | Place    | Note
-------+----------+-------------------------------------------
     0 | D:1      | qw the Tengu Warper began the quest for the Orb.
     0 | D:1      | Reached XP level 1. HP: 12/12 MP: 4/4
     0 | D:1      | 0 ||| qw: Version: 0.1-a-89-g26bdef1
     0 | D:1      | 0 ||| qw: Game counter: 2693
     0 | D:1      | 0 ||| qw: Always use a shield: true
     0 | D:1      | 0 ||| qw: God list: Okawaru
     0 | D:1      | 0 ||| qw: Allow faded altars: false
     0 | D:1      | 0 ||| qw: Do Orc after D:15 true
     0 | D:1      | 0 ||| qw: Do second Lair branch before Depths: true
     0 | D:1      | 0 ||| qw: Lair rune preference: random
     0 | D:1      | 0 ||| qw: Plans: Normal
     0 | D:1      | 0 ||| PLANNING D:1-11
   148 | D:1      | 148 ||| Stepping ~*~*~tactically~*~*~ (stealth).
   160 | D:1      | 160 ||| Stepping ~*~*~tactically~*~*~ (stealth).
   171 | D:1      | 171 ||| Stepping ~*~*~tactically~*~*~ (stealth).
   173 | D:1      | 173 ||| Stepping ~*~*~tactically~*~*~ (stealth).
   175 | D:1      | 175 ||| Stepping ~*~*~tactically~*~*~ (stealth).
   177 | D:1      | 177 ||| Stepping ~*~*~tactically~*~*~ (stealth).
   184 | D:1      | Reached XP level 2. HP: 17/17 MP: 6/6
   186 | D:1      | Reached skill level 3 in Axes
   415 | D:1      | Found a faded altar of an unknown god.
  1031 | D:1      | 1031 ||| UPGRADING to +0 ring mail.
  1041 | D:1      | 1041 ||| DROPPING +0 leather armour.
  1042 | D:1      | 1042 ||| UPGRADING to amulet of reflection.
  1047 | D:1      | 1047 ||| UPGRADING to +6 ring of strength.
  1048 | D:1      | 1048 ||| READING scroll labelled DOILEUKHOI.
  1048 | D:1      | Identified a scroll of acquirement
  1048 | D:1      | 1048 ||| ACQUIRING +0 plate armour "Ymintuo" {+Inv Int+5}
  1048 | D:1      | Acquired the +0 plate armour "Ymintuo" {+Inv Int+5}
  1050 | D:1      | 1050 ||| UPGRADING to +0 plate armour "Ymintuo" {+Inv
                  | Int+5}.
  1060 | D:1      | 1060 ||| DROPPING +0 ring mail.
  1061 | D:1      | 1061 ||| READING scroll labelled HOKACI JUOSIJU.
  1062 | D:1      | 1062 ||| READING scroll labelled TOVVUM XIOMOHI.
  1063 | D:1      | 1063 ||| READING scroll labelled XIOMET FAVUCS.
  1067 | D:1      | 1067 ||| DRINKING 2 smoky green potions.
  1068 | D:1      | 1068 ||| DROPPING scroll of blinking.
  1097 | D:2      | 1097 ||| Stepping ~*~*~tactically~*~*~ (stealth).
  1121 | D:2      | Reached XP level 3. HP: 21/21 MP: 7/7
  1127 | D:2      | Reached skill level 4 in Axes
  1151 | D:2      | 1151 ||| FLEEEEING.
  1152 | D:2      | 1152 ||| FLEEEEING.
  1153 | D:2      | 1153 ||| FLEEEEING.
  1154 | D:2      | 1154 ||| FLEEEEING.
  1155 | D:2      | 1155 ||| FLEEEEING.
  1162 | D:2      | 1162 ||| FLEEEEING.
  1163 | D:2      | 1163 ||| FLEEEEING.
  1164 | D:2      | 1164 ||| FLEEEEING.
  1174 | D:2      | 1174 ||| STAIRDANCE
  1365 | D:2      | 1365 ||| DROPPING +0 club.
  1633 | D:2      | 1633 ||| READING scroll of acquirement.
  1633 | D:2      | 1633 ||| ACQUIRING +8 war axe "Ginkagg" {freeze, Int-5
                  | Dex+6 SInv}
  1633 | D:2      | Acquired the +8 war axe "Ginkagg" {freeze, Int-5 Dex+6
                  | SInv}
  1635 | D:2      | 1635 ||| SWAPPING to +8 war axe "Ginkagg" {freeze, Int-5
                  | Dex+6 SInv}.
  1636 | D:2      | 1636 ||| DROPPING +0 hand axe of venom.
  2166 | D:2      | 2166 ||| READING scroll labelled TALOENY HAHOLE.
  2167 | D:2      | 2167 ||| READING scroll labelled CUMENOG HIRCHOI.
  2168 | D:2      | 2168 ||| READING scroll labelled MAKAEFFIDAQ.
  2169 | D:2      | 2169 ||| DRINKING 2 brown potions.
  2170 | D:2      | 2170 ||| DRINKING 2 metallic purple potions.
  2170 | D:2      | Gained mutation: You possess an exceptional clarity of
                  | mind. [potion of mutation]
  2170 | D:2      | Gained mutation: You are robust. (+10% HP) [potion of
                  | mutation]
  2170 | D:2      | Gained mutation: You do not regenerate when monsters are
                  | visible. [potion of mutation]
  2190 | D:2      | 2190 ||| DRINKING potion of mutation.
  2190 | D:2      | Lost mutation: You do not regenerate when monsters are
                  | visible. [potion of mutation]
  2190 | D:2      | Lost mutation: You are robust. (+10% HP) [potion of
                  | mutation]
  2190 | D:2      | Gained mutation: You are frail. (-10% HP) [potion of
                  | mutation]
  2190 | D:2      | Gained mutation: You are partially covered in iridescent
                  | scales. (AC +2) [potion of mutation]
  2190 | D:2      | Gained mutation: Your muscles are strong. (Str +4, Int/Dex
                  | -1) [potion of mutation]
  2191 | D:2      | 2191 ||| DROPPING potion of invisibility.
  2232 | D:3      | 2232 ||| Stepping ~*~*~tactically~*~*~ (stealth).
  2233 | D:3      | 2233 ||| Stepping ~*~*~tactically~*~*~ (stealth).
  2234 | D:3      | 2234 ||| Stepping ~*~*~tactically~*~*~ (stealth).
  2238 | D:3      | Reached XP level 4. HP: 23/23 MP: 8/8
  2280 | D:3      | 2280 ||| DROPPING +0 whip.
  2312 | D:3      | 2312 ||| Stepping ~*~*~tactically~*~*~ (stealth).
  2313 | D:3      | 2313 ||| Stepping ~*~*~tactically~*~*~ (stealth).
  2314 | D:3      | 2314 ||| Stepping ~*~*~tactically~*~*~ (stealth).
  2327 | D:3      | Reached skill level 5 in Axes
  2421 | D:3      | Gained mutation: Your magical nature lets you fly swiftly
                  | and evasively. [Tengu growth]
  2421 | D:3      | Reached XP level 5. HP: 27/27 MP: 9/9
  2508 | D:3      | Found a transporter.
  2531 | D:3      | Noticed a toenail golem
  2548 | D:3      | 2548 ||| Stepping ~*~*~tactically~*~*~ (stealth).
  2551 | D:3      | 2551 ||| Stepping ~*~*~tactically~*~*~ (stealth).
  2574 | D:3      | Found a one-way gate to the infinite horrors of the Abyss.
  2574 | D:3      | Noticed qw's ghost (weakling TeWr)
  2588 | D:3      | Found a transporter.
  3324 | D:4      | 3324 ||| Stepping ~*~*~tactically~*~*~ (stealth).
  3334 | D:4      | 3334 ||| Stepping ~*~*~tactically~*~*~ (stealth).
  3344 | D:4      | 3344 ||| DROPPING +0 flail.
  3362 | D:4      | Reached skill level 6 in Axes
  3370 | D:4      | 3370 ||| Stepping ~*~*~tactically~*~*~ (stealth).
  3371 | D:4      | 3371 ||| Stepping ~*~*~tactically~*~*~ (stealth).
  3375 | D:4      | 3375 ||| Stepping ~*~*~tactically~*~*~ (stealth).
  3400 | D:4      | Reached XP level 6. HP: 31/31 MP: 10/10
  3402 | D:4      | 3402 ||| Stepping ~*~*~tactically~*~*~ (stealth).
  3406 | D:4      | Noticed Robin
  3415 | D:4      | Killed Robin
  3417 | D:4      | Found a white marble altar of Elyvilon.
  3572 | D:4      | 3572 ||| READING scroll of acquirement.
  3572 | D:4      | 3572 ||| ACQUIRING 861 gold pieces
  3572 | D:4      | Acquired 861 gold pieces
  3596 | D:4      | Reached skill level 7 in Axes
  3686 | D:4      | Noticed Edmund
  3694 | D:4      | Killed Edmund
  3695 | D:4      | Reached skill level 3 in Fighting
  3695 | D:4      | Reached XP level 7. HP: 31/36 MP: 11/11
  3828 | D:4      | Found a radiant altar of Vehumet.
  4317 | D:4      | 4317 ||| READING scroll labelled ZUIPTU KEDI.
  4346 | D:5      | Entered Level 5 of the Dungeon
  4395 | D:5      | Reached skill level 3 in Armour
  4426 | D:5      | 4426 ||| Stepping ~*~*~tactically~*~*~ (stealth).
  4519 | D:5      | Noticed a two-headed ogre
  4521 | D:5      | 4521 ||| Stepping ~*~*~tactically~*~*~ (stealth).
  4525 | D:5      | Slain by a two-headed ogre

Levels and vault maps discovered:
D:1:      lemuel_arrival_room, layout_loops_ring, ebering_ecumenical_altar_box,
          minmay_tetromino_t2
D:2:      layout_basic
D:3:      layout_loops_ring, gammafunk_ghost_abyssal_escape, grunt_ministairs_15
D:4:      layout_basic, vehumet_crystals, mainiacjoe_overflow_boulevard,
          small_statue_intersection, uniq_robin, uniq_edmund
D:5:      layout_loops_cross

Skill      XL: |  1  2  3  4  5  6  7 |
---------------+----------------------+-----
Axes           | 3 4 5 6 7 |  7.6
Armour         | 2 3 |  3.7
Fighting       | 3 |  3.4
Throwing       | |  1.0
Dodging        | |  2.1
Spellcasting   | |  2.0
Translocations | |  2.4

Action                   |  1- 3 |  4- 6 |  7- 9 || total
-------------------------+-------+-------+-------++-------
Melee: Hand axe          |    52 |       |       ||    52
       Kick              |    12 |    14 |     4 ||    30
       Peck              |     3 |     6 |     6 ||    15
       War axe           |    16 |    70 |    17 ||   103
Throw: Boomerang         |     7 |    56 |    18 ||    81
  Use: Scroll            |     8 |     1 |     1 ||    10
       Potion            |     4 |       |       ||     4
Armor: Leather armour    |     7 |       |       ||     7
       Plate armour      |    19 |    16 |     7 ||    42
Dodge: Dodged            |    29 |    16 |     3 ||    48
Block: Other             |    10 |    10 |     5 ||    25
       Reflection        |     1 |     2 |       ||     3

Table legend:
 A = Non-vault XP
 B = Vault XP
 C = Vault XP percentage of total XP
 D = Non-vault monster count
 E = Vault monster count
 F = Vault count percentage of total count
                 A         B        C        D         E       F
            +---------+---------+-------+---------+---------+-------
      Total |     756 |     202 |  21.1 |      99 |      15 |  13.2
            +---------+---------+-------+---------+---------+-------
        D:1 |      31 |       1 |   3.1 |      15 |       1 |   6.2
        D:2 |      49 |       0 |   0.0 |      19 |       0 |   0.0
        D:3 |     132 |       2 |   1.5 |      33 |       1 |   2.9
        D:4 |     312 |     199 |  38.9 |      29 |      13 |  31.0
        D:5 |     232 |       0 |   0.0 |       3 |       0 |   0.0
            +---------+---------+-------+---------+---------+-------
